AoeStats
← jasonpanex

African Clearing

510828917Analyzed
4v4 RM · 12h ago on Oct 2, 2026· 25m 6s· 8 players
Game mode
Random Map
Map size
Large (8 player)
Population
200
Speed
Normal
Resources
Standard
Victory
Conquest
Starting age
Dark Age
Ending age
Imperial Age
RankedLock teamsTeams togetherTeam positionsShared explorationLock speedFull tech treeHidden civsTurbo modeCheats
Victory
Defeat
🇩🇪 Burgundians · Germany
1069
+19
🇩🇪 Vietnamese · Germany
1064
+19
🇩🇪 Koreans · Germany
1031
+20
🇸🇮 Tatars · Slovenia
1010
+21
🇹🇼 Berbers · Taiwan
1165
-21
🇳🇱 Spanish · Netherlands
1146
-21
🇵🇪 Slavs · Peru
1099
-19
🇨🇱 Celts · Chile
1088
-18
Eagle
4:36 Loom
5:28 Loom
12:46 Feudal Age
13:11 Double-Bit Axe
13:08 Horse Collar
ShootingDutchman
3:43 Loom
12:41 Feudal Age
13:22 Feudal Age
17:15 Forging
20:56 Castle Age
19:17 Double-Bit Axe
20:10 Scale Barding Armor
20:29 Stone Mining
pa echo
5:28 Loom
15:31 Feudal Age
jasonpanex
9:37 Loom
13:21 Feudal Age
18:45 Castle Age
17:51 Stone Mining
22:25 Fletching
harborsinger
3:26 Loom
13:56 Feudal Age
15:41 Double-Bit Axe
23:32 Castle Age
21:38 Fletching
23:57 Crossbowman
25:13 Thumb Ring
Besen
16:02 Feudal Age
23:04 Castle Age
Đibrehlija
8:39 Loom
13:44 Feudal Age
14:10 Double-Bit Axe
15:48 Fishing Lines
18:37 Wheelbarrow
20:55 Castle Age
20:58 Fletching
21:06 Gold Mining
22:50 Gillnets
24:46 Bow Saw
25:13 Bodkin Arrow
Lord_Maxxus
14:36 Feudal Age
19:25 Castle Age
22:35 Loom
Connection lost

Rejoining the realm…

Still unreachable

The connection could not be restored.

Session expired

The server has moved on; the page needs a fresh start.